 Dungeon Crawl Stone Soup version 0.28-a0-1613-gdaab1c2f9b (webtiles) character file.

Game seed: 14399837163498210479

5896 murtidash the Thaumaturge (level 11, -11/79 HPs)
             Began as a Djinni Cinder Acolyte on Jan 21, 2022.
             Was a High Priest of Ignis.
             Mangled by a komodo dragon (23 damage)
             ... on level 8 of the Dungeon.
             The game lasted 00:18:15 (12969 turns).

murtidash the Thaumaturge (Djinni Cinder Acolyte)  Turns: 12969, Time: 00:18:15

Health: -11/79     AC: 10    Str: 13    XL:     11   Next: 8%
Gold:   403        EV: 10    Int: 19    God:    Ignis [*****.] SH:  0 Dex: 16

rFire   + + +      SeeInvis .   c - +0 dagger (venom)
rCold   x . .      Faith    .   (no shield)
rNeg    . . .      Spirit   .   j - +2 ring mail of Dogma {+Inv}
rPois   ∞          Reflect  .   y - +1 helmet
rElec   .          Harm     .   (no cloak)
rCorr   .          Rampage  .   (no gloves)
Will    +....                   (boots unavailable)
Stlth   +.........              (no amulet)
HPRegen 0.23/turn               m - +6 ring of dexterity
MPRegen 0.00/turn               h - ring of wizardry {Wiz+, !d}

@: flying, hasted, very quick
A: sickness immunity, fire resistance 2, cold vulnerability 1, float, innate
caster, hp casting, extra vitality 1
a: Renounce Religion, Evoke Invisibility, Fiery Armour, Foxfire Swarm, Rising
Flame


You were on level 8 of the Dungeon.
You worshipped Ignis.
Ignis was extremely pleased with you.
You visited 2 branches of the dungeon, and saw 9 of its levels.
You also visited: Sewer.

You collected 517 gold pieces.
You spent 114 gold pieces at shops.

Inventory:

Hand Weapons
 a - a +0 falchion of flaming
 c - a +0 dagger of venom (weapon)
   (You found it on level 1 of the Dungeon)
 u - a +2 whip of draining
   (You took it off a kobold in a sewer)
Armour
 b - a +0 robe
 j - the +2 ring mail of Dogma (worn) {+Inv}
   (You found it on level 3 of the Dungeon)

   +Inv:      It lets you turn invisible.
 o - a +0 robe of the Archmagi
   (You bought it in a shop on level 4 of the Dungeon)
 y - a +1 helmet (worn)
   (You found it on level 6 of the Dungeon)
Jewellery
 h - a ring of wizardry (right hand) {Wiz+, !d}
   (You found it on level 2 of the Dungeon)
 m - a +6 ring of dexterity (left hand)
   (You took it off a goblin on level 3 of the Dungeon)
 p - a ring of willpower
   (You found it on level 4 of the Dungeon)
 t - a +6 ring of dexterity
   (You found it on level 8 of the Dungeon)
Wands
 q - a wand of flame (28)
   (You took it off a wight on level 8 of the Dungeon)
 v - a wand of digging (7)
   (You found it on level 8 of the Dungeon)
Scrolls
 d - a scroll of acquirement {unknown}
 f - 4 scrolls of fog
 i - 4 scrolls of identify {@r1}
 l - a scroll of teleportation {unknown}
 n - a scroll of amnesia
 s - a scroll of enchant weapon
Potions
 e - 3 potions of curing {unknown}
 g - a potion of flight {unknown}
 k - a potion of degeneration {!q}
 w - a potion of invisibility {unknown}
 x - a potion of cancellation
 z - a potion of heal wounds {unknown}


   Skills:
 + Level 7.4 Fighting
 - Level 2.6 Long Blades
 - Level 5.0 Armour
 - Level 1.0 Stealth
 * Level 9.4 Spellcasting
 + Level 6.4 Evocations


You had 13 spell levels left.
You knew the following spells:

 Your Spells              Type           Power      Damage    Failure   Level
a - Scorch                Fire           88%        2d9       1%          2
c - Dazzling Flash        Conj/Hex       88%        N/A       1%          3
d - Flame Wave            Conj/Fire      44%        2d10      1%          4
s - Slow                  Hex            100%       N/A       1%          1
X - Inner Flame           Hex/Fire       44%        N/A       1%          3
Z - Corpse Rot            Necr/Air       88%        N/A       1%          2
Your spell library was empty.

Dungeon Overview and Level Annotations

Branches:
Dungeon (8/15)             Temple (0/1) D:5            Lair (1/6) D:8
  Sewer (visited)

Altars:
Cheibriados
Fedhas
Gozag
Nemelex Xobeh
Okawaru
Trog
Vehumet
Xom

Shops:
D:4 [*   D:5 (


Innate Abilities, Weirdness & Mutations

You are immune to sickness and miasma.
You are immune to poison.
Your flesh is very heat resistant. (rF++)
You are vulnerable to cold. (rC-)
You float through the air rather than walking.
You learn spells naturally, not from books.
Your magical power is your life essence.
You have superior vitality. (+4 MHP)


Message History

Spell assigned to 'U'.
You see here 15 sling bullets.
There is a transporter here.
You regained 5 hp, and now have 59/79 hp.
You enter the transporter and appear at another place.
You can't see any susceptible monsters within range! (Use Z to cast anyway.)
You can't see any susceptible monsters within range! (Use Z to cast anyway.)
You can't see any susceptible monsters within range! (Use Z to cast anyway.) Flames lash the quasit.
The quasit resists.
The quasit's fire resistance burns away.
You take 2 damage, and have 57/79 hp.
Flames lash the quasit.
You kill the quasit!
You take 1 damage, and have 56/79 hp.
You can't see any susceptible monsters within range! (Use Z to cast anyway.)
You can't see any susceptible monsters within range! (Use Z to cast anyway.)
You can't see any susceptible monsters within range! (Use Z to cast anyway.)
t - a +6 ring of dexterity
v - a wand of digging (7)
You now have 403 gold pieces (gained 26).
You're wearing all the rings you can.
Remove which one? (? for menu, Esc to cancel) < or
p - a ring of willpower; > or
h - a ring of wizardry {Wiz+, !d}
Okay, then.
Unknown command.
You're wearing all the rings you can.
Remove which one? (? for menu, Esc to cancel) < or
p - a ring of willpower; > or
h - a ring of wizardry {Wiz+, !d} You remove your ring of willpower.
You feel agile.
m - a +6 ring of dexterity (left hand)
There is a transporter here.
You enter the transporter and appear at another place.
There is a stone staircase leading up here.
You regained 3 hp, and now have 61/79 hp.
There is a staircase to the Lair here.
You regained 3 hp, and now have 64/79 hp.
You start resting.
Health restored: 79 You fly downwards.
Welcome to the Lair of Beasts!
There is a staircase back to the Dungeon here.
Okay, then.
Unknown command.
Adjust (i)tems, (s)pells, or (a)bilities?
Adjust which spell?
U - Flame Wave Adjust to which letter? d - Flame Wave You can't see any susceptible monsters within range! (Use Z to cast anyway.)
You can't see any susceptible monsters within range! (Use Z to cast anyway.)
A wave of flame ripples out! (Press . to intensify the flame waves.)
You hear an angry hiss.
You hear a bellow! x3
You take 4 damage, and have 75/79 hp.
A wave of flame ripples out!
You hear a loud, deep croak!
You hear a bellow! x2
A wave of flame ripples out!
You finish channelling waves of flame.
You hear a bellow! x3
You take 1 damage, and have 74/79 hp.
A komodo dragon comes into view.
A bullfrog comes into view.
The bullfrog moves out of view.
A yak comes into view.
A wave of flame ripples out! (Press . to intensify the flame waves.)
You hear a bellow! x3
The yak moves out of view.
A yak comes into view.
You take 4 damage, and have 71/79 hp.
A wave of flame ripples out!
The flame wave engulfs the bullfrog!
The flame wave engulfs the komodo dragon.
You hear a bellow!
The bullfrog hits you.
The komodo dragon is engulfed in a cloud of scalding steam.
The bullfrog hits you.
The yak moves out of view.
You take 9 damage, and have 62/79 hp.
A wave of flame ripples out!
The flame wave engulfs the komodo dragon!
The flame wave engulfs the bullfrog!
You kill the bullfrog!
You finish channelling waves of flame.
You hear a bellow!
You hear an angry hiss.
The komodo dragon is engulfed in a cloud of scalding steam.
The komodo dragon bites you!
You take 11 damage, and have 51/79 hp.
The komodo dragon is engulfed in a cloud of scalding steam.
The komodo dragon bites you!!
You take 18 damage, and have 33/79 hp.
MASSIVE DAMAGE!!
The komodo dragon bites you!
* * * LOW HITPOINT WARNING * * *
You fly upwards.
Welcome back to the Dungeon!
There is a staircase to the Lair here.
You take 13 damage, and have 20/79 hp.
Okay, then.
Unknown command.
You feel yourself speed up. The komodo dragon bites you!
* * * LOW HITPOINT WARNING * * *
You take 10 damage, and have 12/79 hp.
The komodo dragon bites you!!
You die...

#.......#.# ##.###### #.#
........#.# #.......# #.#
........#.#####.......####.######
..........................:...[..
........#.#####.......P....######
....###.#.# #.............[##
....###'#'## #...............###
....#......# #.[[P.............#
....#......# ##@#♣......♣.......
....#......#####.l..........P...#
....#..>...+........♣............
....#......#####........>......♣#
#####......# #......♣...........
#......######................
#####+#......................
#..........P.....P.......
###.......#♣.............


You could see a komodo dragon.

Vanquished Creatures
  A two-headed ogre (D:6)
  The ghost of 3t5h the Ruffian, a novice VSMo of Jiyva (D:8)
  An unseen horror (D:6)
  A hornet (D:8)
  A meliai zombie (D:7)
  6 yaks
  A basilisk (D:8)
  2 wyverns (D:8)
  4 water moccasins
  A hornet zombie (D:8)
  A black bear (D:6)
  A sky beast (D:6)
  7 kobold brigands
  2 bullfrogs
  A scorpion (D:5)
  A water moccasin skeleton (D:5)
  16 wights
  5 killer bees (D:7)
  A howler monkey (D:5)
  A centaur zombie (D:7)
  4 quasits (D:8)
  2 hounds
  An orc priest (D:6)
  2 centaur skeletons
  5 iguanas
  2 orc wizards
  3 gnolls (D:5)
  7 adders
  2 dart slugs
  11 orcs
  9 ball pythons
  5 bats
  2 endoplasms
  3 giant cockroaches
  7 goblins
  3 hobgoblins
  4 jackals
  4 quokkas
  5 frilled lizards
  27 kobolds
  10 rats
  3 bushes (D:6)
176 creatures vanquished.

Vanquished Creatures (others)
  3 bushes (D:8)
  3 fungi (D:8)
  38 plants
44 creatures vanquished.

Grand Total: 220 creatures vanquished

Notes
Turn   | Place    | Note
-------+----------+-------------------------------------------
     0 | D:1      | murtidash the Djinni Cinder Acolyte began the quest for the
                  | Orb.
     0 | D:1      | Reached XP level 1. HP: 20/20 MP: 0/0
   747 | D:1      | Found a faded altar of an unknown god.
   796 | D:1      | Reached XP level 2. HP: 23/25 MP: 0/0
  1545 | D:2      | Reached skill level 3 in Spellcasting
  1835 | D:2      | Reached XP level 3. HP: 28/30 MP: 0/0
  1835 | D:2      | Learned a level 1 spell: Slow
  2438 | D:3      | Identified the +2 ring mail of Dogma {+Inv}
  2492 | D:3      | Reached XP level 4. HP: 29/35 MP: 0/0
  2686 | D:3      | Reached skill level 1 in Evocations
  2854 | D:3      | Reached skill level 1 in Stealth
  3321 | D:4      | Reached XP level 5. HP: 33/40 MP: 0/0
  3321 | D:4      | Learned a level 2 spell: Corpse Rot
  3470 | D:4      | Found Xurphucha's Antique Armour Emporium.
  3490 | D:4      | Bought a glowing robe for 114 gold pieces
  3548 | D:4      | Found Ucsaug's Overcharged Wands.
  3864 | D:4      | Reached skill level 2 in Evocations
  3975 | D:4      | Reached skill level 1 in Armour
  4068 | D:5      | Entered Level 5 of the Dungeon
  4148 | D:5      | Reached skill level 4 in Spellcasting
  4148 | D:5      | Reached XP level 6. HP: 26/46 MP: 0/0
  4346 | D:5      | Reached skill level 2 in Armour
  4554 | D:5      | Reached skill level 3 in Evocations
  4684 | D:5      | Reached XP level 7. HP: 39/50 MP: 0/0
  4684 | D:5      | Learned a level 3 spell: Dazzling Flash
  4849 | D:5      | Found a staircase to the Ecumenical Temple.
  4912 | D:5      | Found Robaet's Antique Weapon Boutique.
  4982 | D:5      | Noticed a water moccasin
  4988 | D:5      | Killed a water moccasin
  4989 | D:5      | Reached skill level 3 in Armour
  5644 | D:6      | Killed an unseen horror
  5645 | D:6      | Reached skill level 4 in Armour
  5645 | D:6      | Reached skill level 5 in Spellcasting
  5645 | D:6      | Reached skill level 4 in Evocations
  5645 | D:6      | Reached XP level 8. HP: 33/56 MP: 0/0
  5920 | D:6      | Found a glowing drain.
  5924 | Sewer    | Entered a sewer
  6082 | Sewer    | Reached skill level 5 in Evocations
  6367 | Sewer    | HP: 8/56 [kobold brigand (3)]
  6755 | Sewer    | Reached skill level 5 in Armour
  6941 | D:6      | Found a snail-covered altar of Cheibriados.
  7163 | D:6      | Found an iron altar of Okawaru.
  7163 | D:6      | Noticed a two-headed ogre
  7170 | D:6      | HP: 8/56 [two-headed ogre (18)]
  8302 | D:6      | Killed a two-headed ogre
  8303 | D:6      | Reached skill level 4 in Fighting
  8303 | D:6      | Reached skill level 6 in Spellcasting
  8303 | D:6      | Reached XP level 9. HP: 53/63 MP: 0/0
  8303 | D:6      | Learned a level 3 spell: Inner Flame
  8422 | D:6      | Reached skill level 7 in Spellcasting
  8930 | D:7      | Found a blossoming altar of Fedhas.
  8944 | D:7      | Reached skill level 5 in Fighting
  9703 | D:7      | Reached XP level 10. HP: 52/71 MP: 0/0
  9809 | D:7      | Found a shimmering altar of Xom.
  9809 | D:7      | Found a bloodstained altar of Trog.
  9816 | D:7      | Found an opulent altar of Gozag.
  9818 | D:7      | Found a faded altar of an unknown god.
  9819 | D:7      | Found a sparkling altar of Nemelex Xobeh.
 10201 | D:8      | Reached skill level 6 in Fighting
 10201 | D:8      | Reached skill level 8 in Spellcasting
 10213 | D:7      | HP: 10/72 [wight (1)]
 10926 | D:7      | HP: 6/73 [yak (8)]
 11634 | D:8      | Reached skill level 7 in Fighting
 11634 | D:8      | Reached skill level 9 in Spellcasting
 11780 | D:8      | Found a staircase to the Lair.
 11797 | D:8      | Reached skill level 6 in Evocations
 12214 | D:8      | Found a transporter.
 12217 | D:8      | Noticed 3t5h's ghost (novice VSMo)
 12254 | D:8      | Found a transporter.
 12819 | D:8      | Killed 3t5h's ghost
 12820 | D:8      | Reached XP level 11. HP: 54/79 MP: 0/0
 12820 | D:8      | Learned a level 4 spell: Flame Wave
 12946 | Lair:1   | Entered Level 1 of the Lair of Beasts
 12967 | D:8      | HP: 12/79 [komodo dragon (10)]
 12969 | D:8      | Mangled by a komodo dragon

Illustrated notes

Levels and vault maps discovered:
D:1:      evilmike_arrival_hilbert_curve, layout_basic,
          shapermc_ecumenical_altar_flowoftime
D:2:      layout_loops_ring, minmay_split_cup_large
D:3:      layout_rooms, fiery_altar_vehumet
D:4:      layout_gridville, serial_shops, shop, nicolae_shop_overcharged_wands
D:5:      nicolae_cairo_tiling_large, layout_basic,
          minmay_temple_entry_mini_moons, serial_shops, nicolae_square_shop
D:6:      layout_gridville, okawaru_metal_pillars_3, cheibriados_altar_1,
          gup_sewer_entry_bowl, lexackson_kobold_supper
D:7:      layout_basic, lemuel_tele_altar, chequers_temple_overflow_minitemple,
          enter_bailey_8
D:8:      layout_basic, minmay_lair_entry_grove, gammafunk_ghost_stat_death
Lair:1:   layout_cellular_growth, infiniplex_staircase_pool_2,
          grunt_megastairs_3, serial_bayou_shore_a, uniq_grum, uniq_gastronok

Skill      XL: |  1  2  3  4  5  6  7  8  9 10 |
---------------+-------------------------------+-----
Spellcasting   | 3 4 5 6 7 9 |  9.4
Evocations     | 1 2 3 4 5 6 |  6.4
Stealth        | 1 |  1.0
Armour         | 1 2 4 5 |  5.0
Fighting       | 4 5 7 |  7.4
Long Blades    | |  2.6

Action                   |  1- 3 |  4- 6 |  7- 9 | 10-12 || total
-------------------------+-------+-------+-------+-------++-------
Melee: Falchion          |    28 |       |       |       ||    28
       Dagger            |     9 |       |   136 |       ||   145
       Punch             |       |       |     7 |       ||     7
 Cast: Scorch            |    24 |    60 |   135 |   127 ||   346
       Dazzling Flash    |       |       |     9 |       ||     9
       Slow              |       |       |     5 |       ||     5
       Flame Wave        |       |       |       |     2 ||     2
  Use: Potion            |       |       |     4 |     1 ||     5
       Scroll            |       |       |     9 |       ||     9
Armor: Robe              |    10 |     1 |       |       ||    11
       Ring mail         |       |     6 |    62 |    47 ||   115
Dodge: Dodged            |    23 |    19 |    69 |    60 ||   171

Table legend: (Time is in decaauts)
 A = Elapsed time spent in this place.
 B = Non-inter-level travel time spent in this place.
 C = Inter-level travel time spent in this place.
 D = Time resting spent in this place.
 E = Time spent auto-exploring this place.
 F = Levels seen in this place.
 G = Mean time per level.
                   A        B        C        D        E       F      G
               +--------+--------+--------+--------+--------+-----+--------+
         Total |  12935 |  12471 |    464 |   1953 |   8826 |  10 | 1293.5 |
       Dungeon |  11974 |  11510 |    464 |   1851 |   8184 |   8 | 1496.8 |
          Lair |     12 |     12 |      0 |      0 |      0 |   1 |   12.0 |
         Sewer |    947 |    947 |      0 |    102 |    642 |   1 |  947.0 |
               +--------+--------+--------+--------+--------+-----+--------+

Top non-repeatable levels by time:
     D:5: 2366 daAuts
     D:8: 1975 daAuts
     D:7: 1896 daAuts
     D:6: 1665 daAuts
     D:1: 1432 daAuts
     D:2: 1171 daAuts
   Sewer: 947 daAuts
     D:4: 797 daAuts
     D:3: 669 daAuts
  Lair:1: 12 daAuts

Table legend:
 A = Kills in this place as a percentage of kills in entire the game.
 B = Kills by you in this place as a percentage of kills by you in the entire game.
 C = Kills by friends in this place as a percentage of kills by friends in the entire game.
 D = Other kills in this place as a percentage of other kills in the entire game.
 E = Experience gained in this place as a percentage of experience gained in the entire game.
 F = Experience gained in this place divided by the number of levels of this place that you have seen.
                   A       B       C       D       E      F
               +-------+-------+-------+-------+-------+----------------------
         Total | 100.0 | 100.0 |   N/A |   N/A | 100.0 | 842.4
       Dungeon |  82.7 |  82.7 |   N/A |   N/A |  92.7 | 976.5
          Lair |   0.6 |   0.6 |   N/A |   N/A |   1.1 |  90.0
         Sewer |  16.8 |  16.8 |   N/A |   N/A |   6.2 | 522.0
               +-------+-------+-------+-------+-------+----------------------
